 Dungeon Crawl Stone Soup version 0.28.0-43-g3370ac3207 (webtiles) character file.

Game seed: 11378474526801518214

26567 Jerry the Basher (level 12, -2/104 HPs)
             Began as a Troll Hunter on Mar 14, 2022.
             Was a High Priest of the Shining One.
             Killed by divine providence
             ... invoked by a meliai
              (15 damage)
             ... on level 13 of the Dungeon.
             The game lasted 01:05:16 (11812 turns).

Jerry the Basher (Troll Hunter)                    Turns: 11812, Time: 01:05:16

Health: -2/104     AC: 13    Str: 31    XL:     12   Next: 99%
Magic:  11/11      EV: 18    Int:  7    God:    the Shining One [*****.]
Gold:   376        SH:  0    Dex: 17    Spells: 11/11 levels left

rFire   . . .      SeeInvis +   q - +5 mace of Triumph {flame, rN+ Dex+3}
rCold   . . .      Faith    .   (no shield)
rNeg    + + +      Spirit   .   D - +3 troll leather armour "Upho" {rPois Regen+ Str+8}
rPois   +          Reflect  .   (helmet restricted)
rElec   .          Harm     .   x - +2 cloak {rCorr}
rCorr   +          Rampage  .   (gloves unavailable)
Will    .....                   (boots unavailable)
Stlth   +.........              l - amulet of regeneration
HPRegen 2.67/turn               r - ring of see invisible
MPRegen 0.12/turn               j - +4 ring of evasion

@: glowing
A: large, unfitting armour, claws 3, regeneration 1, shaggy fur 1, tough skin 1
a: Renounce Religion, Divine Shield, Cleansing Flame, Summon Divine Warrior


You were on level 13 of the Dungeon.
You worshipped the Shining One.
The Shining One was extremely pleased with you.
You visited 3 branches of the dungeon, and saw 16 of its levels.
You also visited: Bailey.

You collected 956 gold pieces.
You spent 580 gold pieces at shops.

Inventory:

Hand Weapons
 g - a +2 whip of protection
 q - the +5 mace of Triumph (weapon) {flame, rN+ Dex+3}
   (You found it on level 4 of the Dungeon)

   It burns those it strikes, dealing additional fire damage.
   Dex:       It affects your dexterity (+3).
   rN:        It protects you from negative energy.
 G - a +0 giant spiked club
Missiles
 c - 20 large rocks (quivered)
 I - 2 throwing nets
Armour
 d - a +2 robe of cold resistance
 x - a +2 cloak of preservation (worn)
 A - +0 steam dragon scales
 D - the +3 troll leather armour "Upho" (worn) {rPois Regen+ Str+8}
   (You bought it in a shop on level 8 of the Dungeon)

   Str:       It affects your strength (+8).
   rPois:     It protects you from poison.
   Regen:     It increases your rate of health regeneration.
Jewellery
 e - a ring of protection from fire
 j - a +4 ring of evasion (right claw)
 l - an amulet of regeneration (around neck)
 r - a ring of see invisible (left claw)
 C - a +6 ring of dexterity
 F - a ring of magical power
 L - an amulet of reflection
 N - a ring of poison resistance
Wands
 p - a wand of digging (10)
 u - a wand of iceblast (5)
 y - a wand of flame (14)
 B - a wand of mindburst (10)
 K - a wand of polymorph (5)
Scrolls
 f - 6 scrolls of teleportation
 m - 4 scrolls of amnesia
 s - 2 scrolls of fear
 t - 3 scrolls of identify
 E - a scroll of enchant armour
 J - a scroll of noise {unknown}
Potions
 a - 2 potions of lignification
 b - 2 potions of attraction {unknown}
 i - a potion of brilliance
 k - 3 potions of mutation {unknown}
 n - 4 potions of cancellation {unknown}
 o - 3 potions of flight {unknown}
 v - 3 potions of curing {unknown}
 z - 2 potions of haste
 H - 3 potions of might
Miscellaneous
 w - a phial of floods
 M - a phial of floods


   Skills:
 - Level 2.4 Fighting
 * Level 13.7 Maces & Flails
 + Level 11.2 Throwing
 + Level 4.6 Armour
 - Level 8.6 Dodging
 - Level 0.3 Stealth


You had 11 spell levels left.
You didn't know any spells.
Your spell library contained the following spells:

 Spells                   Type           Power      Damage    Failure   Level
 Summon Small Mammal      Summ           0%         N/A       45%         1
 Corpse Rot               Necr/Air       0%         N/A       61%         2
 Poisonous Vapours        Pois/Air       0%         N/A       61%         2
 Static Discharge         Conj/Air       0%         N/A       61%         2
 Sublimation of Blood     Necr           0%         N/A       61%         2
 Call Canine Familiar     Summ           0%         N/A       83%         3
 Gell's Gravitas          Tloc           0%         N/A       83%         3
 Stone Arrow              Conj/Erth      0%         3d7       83%         3
 Summon Guardian Golem    Hex/Summ       0%         N/A       83%         3
 Teleport Other           Tloc           0%         N/A       83%         3
 Animate Armour           Summ/Erth      0%         N/A       99%         4
 Petrify                  Tmut/Erth      0%         N/A       99%         4
 Irradiate                Conj/Tmut      0%         3d13      100%        5
 Lightning Bolt           Conj/Air       0%         1d11      100%        5
 Dispersal                Tloc           0%         N/A       100%        6
 Lehudib's Crystal Spear  Conj/Erth      0%         10d2      100%        8
 Maxwell's Capacitive Co  Air            0%         ∞         100%        8
 Chain Lightning          Conj/Air       0%         N/A       100%        9
 Fire Storm               Conj/Fire      0%         5d1       100%        9
 Shatter                  Erth           0%         3d5*      100%        9


Dungeon Overview and Level Annotations

Branches:
Dungeon (13/15)            Temple (1/1) D:6            Lair (2/6) D:8
    Orc (0/2) D:12         Bailey (visited)
  Swamp: Lair:2-4    Shoals: Lair:2-4     Snake: Lair:2-4    Spider: Lair:2-4
 Vaults: D:13-14

Altars:
Ashenzari
Cheibriados
Dithmenos
Elyvilon
Fedhas
Gozag
Hepliaklqana
Kikubaaqudgha
Makhleb
Nemelex Xobeh
Okawaru
Qazlal
Ru
Sif Muna
Trog
Uskayaw
Vehumet
Wu Jian
Xom
Yredelemnul
Zin
The Shining One

Shops:
D:3 (   D:5 (   D:6 **   D:8 [


Innate Abilities, Weirdness & Mutations

You are too large for most types of armour.
You have claws for hands.
Your natural rate of healing is unusually fast.
You are covered in fur. (AC +1)
You have tough skin. (AC +1)


Message History

The meliai closely misses you.
The meliai stings you but does no damage.
The meliai hits you with a +0 war axe. The meliai barely misses you.
The meliai hits you with a +0 hand axe.
The meliai stings you but does no damage.
The meliai hits you with a +0 war axe!
The meliai stings you but does no damage.
The meliai closely misses you. The meliai misses you.
The meliai completely misses you. x2; The meliai closely misses you.
The meliai misses you.
A wraith comes into view.
Found 12 gold pieces.
The meliai calls down the wrath of its god upon you.
Something smites you! The meliai hits you with a +0 war axe.
The meliai stings you but does no damage.
You barely miss the meliai.
The meliai calls down the wrath of its god upon you.
Something smites you! The meliai closely misses you. The meliai misses you.
You hit the meliai. You burn the meliai.
The meliai is moderately wounded.
The meliai invokes the aid of its god against you.
Something smites you!
* * * LOW HITPOINT WARNING * * *
The meliai hits you with a +0 war axe.
* * * LOW HITPOINT WARNING * * *
The meliai barely misses you.
Blink to where?
Press: ? - help, Dir - move target
As you read the scroll of blinking, it crumbles to dust.
The wraith completely misses you.
The meliai calls down the wrath of its god upon you.
Something smites you!
* * * LOW HITPOINT WARNING * * *
The meliai calls down the wrath of its god upon you.
Something smites you!
* * * LOW HITPOINT WARNING * * *
There is a stone staircase leading up here.
The meliai mumbles some strange prayers to its god against you.
Something smites you!
You die...

########. #.
#......... #.
##.######.## #.
#..W@.......
#####.#####.y.......##
..$.....y..y>.......#
#.#.###...#####.#
#.#.###...# #
#..yy..†.## #........#
#........###
#............


You could see a wraith and 3 meliai.

Vanquished Creatures
  Fannar (Lair:1)
  A boulder beetle (D:12)
  A centaur warrior (D:11)
  3 two-headed ogres
  Nergalle (D:12)
  Pikel (Temple)
  An orc knight (Bailey)
  A deep elf pyromancer (Bailey)
  A manticore (D:7)
  An ugly thing (D:11)
  3 cyclopes
  2 oklob plants (Lair:1)
  A cane toad (Lair:1)
  A gargoyle (D:11)
  5 komodo dragons
  A kobold demonologist (D:10)
  Maggie (D:9)
  A troll (D:9)
  A queen bee (D:10)
  Prince Ribbit (D:6)
  5 blink frogs (Lair:1)
  Grinder (D:3)
  A hornet (D:9)
  Sigmund (D:6)
  26 yaks
  A wraith (D:12)
  2 wyverns (D:9)
  A basilisk (Lair:1)
  Grum (D:8)
  8 vampire mosquitoes
  Menkaure (D:6)
  Edmund (D:4)
  An acid dragon (D:10)
  3 water moccasins
  A swamp drake (D:12)
  An ice beast (D:8)
  A sky beast (D:5)
  14 orc warriors
  A black bear (D:5)
  7 wolves
  4 necrophages
  An ogre (D:6)
  10 centaurs
  2 lemures (D:6)
  3 kobold brigands
  3 bullfrogs
  2 wyvern zombies
  27 killer bees
  6 wights
  An electric eel (D:10)
  6 howler monkeys
  6 centaur zombies
  3 bullfrog skeletons
  2 hounds (D:7)
  Crazy Yiuf (D:4)
  A centaur skeleton (D:4)
  11 orc priests
  2 iguanas
  6 orc wizards
  A mummy (D:12)
  2 howler monkey zombies
  7 adders
  An ufetubus (D:7)
  An adder skeleton (D:4)
  7 worms
  3 dart slugs
  51 orcs
  8 ball pythons
  7 bats
  5 endoplasms
  4 giant cockroaches
  10 goblins
  10 hobgoblins
  9 jackals
  23 kobolds
  5 frilled lizards
  7 rats
  A bush (D:3)
366 creatures vanquished.

Vanquished Creatures (others)
  5 fungi
  4 plants
  2 withered plants (D:12)
11 creatures vanquished.

Grand Total: 377 creatures vanquished

Notes
Turn   | Place    | Note
-------+----------+-------------------------------------------
     0 | D:1      | Jerry the Troll Hunter began the quest for the Orb.
     0 | D:1      | Reached XP level 1. HP: 19/19 MP: 0/0
    64 | D:1      | Reached XP level 2. HP: 28/28 MP: 1/1
   565 | D:1      | Reached XP level 3. HP: 35/35 MP: 2/2
  1132 | D:2      | Reached XP level 4. HP: 35/44 MP: 3/3
  1593 | D:3      | Noticed Grinder
  1603 | D:3      | Paralysed by Grinder for 7 turns
  1611 | D:3      | Paralysed by Grinder for 7 turns
  1922 | D:3      | Found Ifiy's Antique Weapon Emporium.
  1945 | D:3      | Killed Grinder
  1946 | D:3      | Reached skill level 2 in Maces & Flails
  1946 | D:3      | Reached XP level 5. HP: 44/50 MP: 4/4
  1946 | D:3      | Reached XP level 6. HP: 52/59 MP: 5/5
  2160 | D:4      | Reached skill level 5 in Throwing
  2241 | D:4      | Found a runed translucent door.
  2242 | D:4      | Noticed Crazy Yiuf
  2244 | D:4      | Identified the +5 mace of Triumph {flame, rN+ Dex+3}
  2313 | D:4      | Noticed an orc warrior
  2356 | D:3      | Killed an orc warrior
  2464 | D:4      | Reached skill level 3 in Maces & Flails
  2464 | D:4      | Reached XP level 7. HP: 64/66 MP: 6/6
  2590 | D:4      | Noticed Edmund
  2600 | D:4      | Killed Edmund
  3073 | D:5      | Entered Level 5 of the Dungeon
  3203 | D:5      | Found Lepakhlou's Weapon Shoppe.
  3379 | D:5      | Found a radiant altar of Vehumet.
  3405 | D:5      | Reached skill level 4 in Maces & Flails
  3866 | D:6      | Noticed Menkaure
  3874 | D:6      | Killed Menkaure
  3875 | D:6      | Reached XP level 8. HP: 35/74 MP: 7/7
  3920 | D:6      | Noticed Prince Ribbit
  3925 | D:6      | Killed Prince Ribbit
  3926 | D:6      | Reached skill level 5 in Dodging
  3984 | D:6      | Reached skill level 5 in Maces & Flails
  3992 | D:6      | Found a staircase to the Ecumenical Temple.
  4025 | Temple   | Entered the Ecumenical Temple
  4090 | Temple   | Became a worshipper of the Shining One
  4287 | D:6      | Noticed Pikel
  4323 | Temple   | Killed Pikel
  4324 | Temple   | Reached skill level 6 in Maces & Flails
  4324 | Temple   | Reached XP level 9. HP: 62/80 MP: 8/8
  4361 | D:6      | Found Goeci's General Store.
  4565 | D:6      | Found Tearghua's Lightly-Used Armoury.
  4578 | D:6      | Noticed Sigmund
  4581 | D:6      | Killed Sigmund
  4899 | D:7      | Reached skill level 7 in Maces & Flails
  5006 | D:7      | Noticed a manticore
  5175 | D:7      | Killed a manticore
  5368 | D:8      | Found a large runed translucent door.
  5369 | D:8      | Found a large runed translucent door.
  5402 | D:8      | Reached skill level 8 in Maces & Flails
  5409 | D:8      | Found a staircase to the Lair.
  5459 | D:8      | HP: 6/120 [poisoned by a killer bee]
  5556 | D:8      | Reached * piety under the Shining One
  5579 | D:8      | Reached XP level 10. HP: 75/88 MP: 9/9
  5602 | D:8      | Found a flagged portal.
  5620 | Bailey   | Entered a bailey
  5685 | Bailey   | Found a large runed translucent door.
  5685 | Bailey   | Found a large runed translucent door.
  5775 | Bailey   | Noticed an orc knight
  5776 | Bailey   | Noticed a deep elf pyromancer
  5811 | Bailey   | Killed an orc knight
  5812 | Bailey   | Reached skill level 9 in Maces & Flails
  5918 | Bailey   | Killed a deep elf pyromancer
  6152 | D:8      | Noticed Grum
  6174 | D:8      | Noticed a cyclops
  6177 | D:8      | Killed Grum
  6198 | D:8      | Killed a cyclops
  6605 | D:8      | Found Cuotibar's Antique Armour Boutique.
  6659 | D:8      | Found a blossoming altar of Fedhas.
  6669 | D:8      | Found an opulent altar of Gozag.
  6717 | Lair:1   | Entered Level 1 of the Lair of Beasts
  6805 | Lair:1   | Reached skill level 10 in Maces & Flails
  6886 | Lair:1   | Reached XP level 11. HP: 21/94 MP: 10/10
  6979 | Lair:1   | Reached ** piety under the Shining One
  7278 | Lair:1   | Reached skill level 11 in Maces & Flails
  7294 | Lair:1   | HP: 3/94 [yak (3)]
  7376 | Lair:1   | Noticed Fannar
  7388 | Lair:1   | Killed Fannar
  7443 | Lair:1   | Found a blossoming altar of Fedhas.
  7445 | Lair:1   | Noticed an oklob plant
  7446 | Lair:1   | Noticed an oklob plant
  7455 | Lair:1   | Killed an oklob plant
  7467 | Lair:1   | Killed an oklob plant
  7869 | Lair:2   | Noticed a four-headed hydra
  7960 | D:9      | Found a sparkling altar of Nemelex Xobeh.
  8150 | D:9      | Noticed a two-headed ogre
  8164 | D:9      | Killed a two-headed ogre
  8165 | D:9      | Reached skill level 10 in Throwing
  8241 | D:9      | Noticed Maggie
  8254 | D:9      | Killed Maggie
  8255 | D:9      | Reached skill level 1 in Armour
  8320 | D:9      | Reached skill level 12 in Maces & Flails
  8472 | D:9      | Reached *** piety under the Shining One
  8796 | D:10     | Entered Level 10 of the Dungeon
  8835 | D:10     | Reached XP level 12. HP: 103/104 MP: 11/11
  8922 | D:8      | Bought a sapphire-encrusted troll leather armour for 580
                  | gold pieces
  8922 | D:8      | Identified the +3 troll leather armour "Upho" {rPois Regen+
                  | Str+8} (You bought it in a shop on level 8 of the Dungeon)
  9209 | D:4      | Killed Crazy Yiuf
 10233 | D:11     | Noticed a centaur warrior
 10243 | D:11     | Killed a centaur warrior
 10370 | D:11     | Noticed a two-headed ogre
 10372 | D:11     | Killed a two-headed ogre
 10373 | D:11     | Noticed a two-headed ogre
 10380 | D:11     | Killed a two-headed ogre
 10403 | D:11     | Reached skill level 13 in Maces & Flails
 10747 | D:12     | Reached **** piety under the Shining One
 10785 | D:12     | Noticed a boulder beetle
 10807 | D:12     | Killed a boulder beetle
 11299 | D:12     | Found a staircase to the Orcish Mines.
 11472 | D:12     | Noticed Nergalle
 11481 | D:12     | Killed Nergalle
 11739 | D:13     | Reached ***** piety under the Shining One
 11812 | D:13     | Killed from afar by a meliai

Illustrated notes

Levels and vault maps discovered:
D:1:      lemuel_arrival_lava_pool, layout_loops_ring, hangedman_decor_push,
          minmay_misc_feat_ornament, chequers_arboretum, st_stairs_7
D:2:      minmay_skewed_foursquare, layout_rooms, minivault_25
D:3:      layout_basic, serial_forest, infiniplex_forest_clump_curved,
          infiniplex_forest_lined_room_, infiniplex_forest_clump_medium,
          infiniplex_forest_join, infiniplex_forest_lined_room_2,
          infiniplex_forest_straight_2, serial_shops, shop, uniq_grinder
D:4:      layout_cave_pods, uniq_edmund, uniq_crazy_yiuf_cottage
D:5:      layout_basic, old_standard_altar, serial_shops,
          nicolae_shop_bloodbath_and_beyond
D:6:      layout_basic, minmay_temple_entry_mini_moons, serial_shops,
          nicolae_stop_n_shop_2, minmay_shop_damaged, uniq_menkaure,
          uniq_sigmund, uniq_prince_ribbit1, uniq_pikel
D:7:      layout_rooms
D:8:      layout_basic, jmf_multi_god_temple2, dpeg_oklobed_lair,
          enter_bailey_4, serial_shops, kennysheep_mini, uniq_grum
D:9:      layout_basic, mainiacjoe_overflow_small_starburst,
          hangedman_minor_gate_pass, uniq_maggie
D:10:     layout_basic, hive_lemuel
D:11:     layout_rooms
D:12:     layout_roguey, erik_orc_1, serial_undead, serial_undead_b,
          serial_undead_b, serial_undead_f, serial_undead_b, serial_undead_c,
          uniq_nergalle
D:13:     layout_basic, lightli_vaults_fourway_checkpoint, serial_shops, shop,
          uniq_kirke
Temple:   hc_temple_tempest_star
Lair:1:   layout_long_grid, hangedman_tree_tricks, serial_bayou_crossing,
          infiniplex_staircase_pool_2, grunt_megastairs_1, uniq_fannar
Lair:2:   layout_long_grid, grunt_forest_stairs_basic, st_stairs_11,
          serial_bayou_shore_b, grunt_megastairs_3

Skill      XL: |  1  2  3  4  5  6  7  8  9 10 11 12 |
---------------+-------------------------------------+-----
Dodging        | 2 3 4 5 6 7 8 |  8.6
Fighting       | 2 |  2.4
Throwing       | 4 5 6 7 8 9 10 11 | 11.2
Maces & Flails | 2 3 4 6 8 10 12 13 | 13.7
Armour         | 1 4 |  4.6
Stealth        | |  0.3

Action                   |  1- 3 |  4- 6 |  7- 9 | 10-12 || total
-------------------------+-------+-------+-------+-------++-------
Melee: Short sword       |   193 |       |       |       ||   193
       Punch             |     2 |     3 |     3 |    23 ||    31
       Long sword        |       |   135 |       |       ||   135
       Mace              |       |    20 |   285 |   857 ||  1162
Throw: Large rock        |       |     4 |    17 |    26 ||    47
       Throwing net      |       |       |     3 |       ||     3
Evoke: Wand              |       |       |       |     3 ||     3
  Use: Scroll            |       |     4 |     4 |     6 ||    14
       Potion            |       |       |     3 |     2 ||     5
 Stab: Sleeping          |     1 |       |     1 |       ||     2
Armor: Robe              |    76 |    41 |    53 |    95 ||   265
       Skin              |       |       |    68 |       ||    68
       Troll leather arm |       |       |       |   135 ||   135
Dodge: Dodged            |   117 |    80 |   289 |   923 ||  1409
